 Dungeon Crawl Stone Soup version 0.14-a0-2124-ga163777 (webtiles) character file.

690 Egon the Skirmisher (level 7, 58/63 HPs)
             Began as a Black Draconian Berserker on Jan 28, 2014.
             Was an Elder of Trog.
             Quit the game on Level 5 of the Dungeon.
             The game lasted 00:10:54 (4837 turns).

Egon the Skirmisher (Black Draconian Berserker)     Turns: 4837, Time: 00:10:55

HP  58/63        AC 10     Str 19      XL: 7   Next:  1%
MP   7/7         EV 14     Int  8      God: Trog [****..]
Gold 172         SH  0     Dex 12      Spells:  0 memorised,  6 levels left

rFire  + . .     SeeInvis .     a - -1,+0 orc war axe
rCold  . . .     Clarity  .     (armour unavailable)
rNeg   . . .     Conserve .     (no shield)
rPois  .         rCorr    .     d - +0 hat
rElec  +         rRot     .     (no cloak)
SustAb . .       Spirit   .     O - +2 pair of gloves
rMut   .         Warding  .     u - +0 pair of boots
Saprov . . .     Stasis   .     r - amulet of inaccuracy {unknown}
MR     .....                    C - ring of flight
                                b - ring of protection from fire {unknown}

@: drained, not resistant to hostile enchantments, unstealthy
A: breathe lightning, unfitting armour, electricity resistance, AC +6
a: Breathe Lightning, Burn Spellbooks, Berserk, Trog's Hand, Brothers in Arms,
Renounce Religion, Evoke Flight


You were on level 5 of the Dungeon.
You worshipped Trog.
Trog was greatly pleased with you.
You were not hungry.

You visited 1 branch of the dungeon, and saw 5 of its levels.

You collected 172 gold pieces.

Inventory:

Hand weapons
 a - a -1,+0 orcish war axe (weapon)
 p - a -1,-1 dwarven hand axe
 D - a +0,+0 hand axe
Armour
 d - a +0 hat (worn)
 u - a +0 pair of boots (worn)
 O - a +2 pair of gloves (worn)
Comestibles
 c - 8 bread rations
 B - a royal jelly
 G - a strawberry
 K - a meat ration
 M - an apple
Scrolls
 e - 2 scrolls of enchant weapon II
 j - 3 scrolls of enchant armour {unknown}
 k - 2 scrolls of amnesia {unknown}
 m - 7 scrolls of identify {unknown}
 n - 2 scrolls of remove curse {unknown}
 o - a scroll of random uselessness {unknown}
 s - a scroll of curse armour {unknown}
 v - a scroll of blinking {unknown}
 w - 2 scrolls of magic mapping {unknown}
 y - a scroll of teleportation {unknown}
 F - a scroll of immolation {unknown}
 I - a scroll of noise {unknown}
 L - 2 scrolls of recharging {unknown}
 N - a scroll of fear {unknown}
Jewellery
 b - a ring of protection from fire (left hand) {unknown}
 g - an uncursed ring of ice
 r - an amulet of inaccuracy (around neck) {unknown}
 C - a ring of flight (right hand)
 E - a +1 ring of protection {unknown}
 H - an uncursed ring of protection from fire {unknown}
Potions
 f - 2 potions of curing
 h - a potion of beneficial mutation {unknown}
 i - a potion of heal wounds
 l - 3 potions of speed
 q - 2 potions of might {unknown}
 t - 2 potions of mutation {unknown}
 x - a potion of agility {unknown}
 z - a potion of brilliance {unknown}
 A - a potion of resistance {unknown}
 J - 3 potions of degeneration {unknown}


   Skills:
 + Level 6.0(5.8) Fighting
 + Level 4.8(4.6) Axes
 + Level 4.7(4.5) Dodging


You had 6 spell levels left.
You didn't know any spells.

Dungeon Overview and Level Annotations

Branches:
Dungeon (5/16)
 Temple: D:4-7

Altars:
Elyvilon
Okawaru
Zin
The Shining One


Innate Abilities, Weirdness & Mutations

You can breathe wild blasts of lightning.
Your glossy black scales are hard (AC +6).
Your body does not fit into most forms of armour.
Your cold-blooded metabolism reacts poorly to cold.
You are resistant to electric shocks.


Message History

You slash the crimson imp!
The crimson imp is heavily wounded.
The crimson imp hits you.
You miss the crimson imp.
The crimson imp is heavily wounded.
The crimson imp barely misses you.
You hit the crimson imp but do no damage.
The crimson imp is heavily wounded.
The crimson imp barely misses you.
You closely miss the crimson imp.
The crimson imp is moderately wounded.
The crimson imp misses you.
You slash the crimson imp!
You kill the crimson imp!
Trog accepts your kill.
Your Fighting skill increases to level 6!
You have reached level 7!
Your scales start taking on a glossy black colour.
You feel insulated.
Are you sure you want to abandon this character and quit the game? (Confirm with "yes".)

#.# #..........## #.#
#..........# #.# #..........# #.#
#..........# ############ #.#
#.....#+#.## #..........# #.#
#.....#.#.# #..........###.#
#.......#.#
#.....)....#...#.#.....###.#
####..........#.@.#(#.#....(..#
..............#...#.#.#.#########
####..........#...#.#.#.........#
..............'.................#
#..#..........#...#.#.#..#.######
#.##.#............#.#.#..#.# #
.<...#.#.##########.#.#..#.# #
######.#.# #...#....#.######
..#.# #.#......#.#.....


There were no monsters in sight!

Vanquished Creatures
  A centaur (D:5)
  A crimson imp (D:5)
  2 orc priests (D:3)
  A jelly (D:4)
  An orc wizard (D:4)
  A scorpion (D:5)
  A water moccasin zombie (D:5)
  An iguana (D:4)
  8 adders
  2 worms
  5 giant geckos
  An ooze (D:3)
  8 orcs
  5 ball pythons
  8 giant cockroaches
  9 goblins
  8 hobgoblins
  12 kobolds
  6 bats
  6 giant newts
  13 jackals (D:1)
  9 rats
  A rat skeleton (D:4)
  A rat zombie (D:5)
111 creatures vanquished.

Notes
Turn   | Place    | Note
--------------------------------------------------------------
     0 | D:1      | Egon, the Draconian Berserker, began the quest for the Orb.
     0 | D:1      | Reached XP level 1. HP: 19/19 MP: 1/1
    94 | D:1      | Reached XP level 2. HP: 19/26 MP: 2/2
   189 | D:1      | Acquired Trog's second power
   248 | D:1      | Reached XP level 3. HP: 24/33 MP: 3/3
   423 | D:1      | Reached skill level 4 in Fighting
   882 | D:2      | Found a white marble altar of Elyvilon.
   882 | D:2      | Found a glowing golden altar of the Shining One.
   883 | D:2      | Found a glowing silver altar of Zin.
  1002 | D:2      | Reached XP level 4. HP: 20/41 MP: 4/4
  2132 | D:3      | Reached XP level 5. HP: 27/47 MP: 5/5
  2135 | D:3      | Reached skill level 5 in Fighting
  3417 | D:4      | Reached XP level 6. HP: 51/56 MP: 6/6
  4115 | D:5      | Entered Level 5 of the Dungeon
  4144 | D:5      | Acquired Trog's third power
  4522 | D:5      | Found an iron altar of Okawaru.
  4836 | D:5      | Reached skill level 6 in Fighting
  4836 | D:5      | Your scales start taking on a glossy black colour.
  4836 | D:5      | Gained mutation: You are resistant to electric shocks. [draconian maturity]
  4836 | D:5      | Reached XP level 7. HP: 58/63 MP: 7/7
  4837 | D:5      | Quit the game

Action                   |  1- 3 |  4- 6 |  7- 9 || total
-------------------------+-------+-------+-------++-------
Melee: Hand axe          |   140 |   148 |       ||   288
       War axe           |       |   143 |       ||   143
Invok: Berserk           |     1 |     2 |       ||     3
       Trog's Hand       |       |     1 |       ||     1
  Use: Potion            |     2 |       |       ||     2
       Scroll            |     1 |       |       ||     1
 Stab: Sleeping          |       |     1 |       ||     1
